 Dungeon Crawl Stone Soup version 0.23.2-1-ga50397a (webtiles) character file.

Game seed: 9904418613402124890

3526 dragonscale333 the Destroyer (level 10, -4/56 HPs)
             Began as a Tengu Conjurer on May 20, 2019.
             Was a Follower of Sif Muna.
             Slain by a guardian serpent (6 damage)
             ... on level 9 of the Dungeon.
             The game lasted 00:24:43 (10507 turns).

dragonscale333 the Destroyer (Tengu Conjurer)      Turns: 10507, Time: 00:24:43

Health: -4/56      AC:  5    Str: 11    XL:     10   Next: 8%
Magic:  11/18      EV: 16    Int: 22    God:    Sif Muna [*.....]
Gold:   53         SH:  0    Dex: 18    Spells: 7/21 levels left

rFire    . . .     SeeInvis .   B - +2 long sword (elec)
rCold    . . .     Gourm    .   (no shield)
rNeg     . . .     Faith    +   z - +1 leather armour of Reason {rCorr Dex+4}
rPois    .         Spirit   .   (helmet restricted)
rElec    .         Reflect  .   n - +0 cloak
rCorr    +         Harm     .   (no gloves)
MR       .....                  (boots unavailable)
Stlth    ++........             D - amulet of faith
HPRegen  0.18/turn              p - ring of resist corrosion
MPRegen  0.16/turn              A - +3 ring of strength

@: lethally poisoned (-4 -> -10), slowed, very slow
A: antennae 1, beak, talons 3, clever 1, low mp 1, able to fly
a: Fly, Divine Energy, Renounce Religion


You were on level 9 of the Dungeon.
You worshipped Sif Muna.
Sif Muna was aware of your devotion.
You were not hungry.

You visited 2 branches of the dungeon, and saw 10 of its levels.

You collected 459 gold pieces.
You spent 406 gold pieces at shops.

Inventory:

Hand Weapons
 h - a +0 quarterstaff
 m - a +3 dagger of venom
 s - a +1 dagger of electrocution
 B - a +2 long sword of electrocution (weapon)
Missiles
 d - 313 stones (quivered)
Armour
 a - a +0 robe
 e - a +0 leather armour of fire resistance
 k - a +1 robe of cold resistance
 n - a +0 cloak (worn)
 z - the +1 leather armour of Reason (worn) {rCorr Dex+4}
   (You took it off a gnoll on level 6 of the Dungeon)

   It affects your dexterity (+4).
   It provides partial protection from all sources of acid and corrosion.
Jewellery
 l - an uncursed ring of fire
 p - a ring of resist corrosion (left hand)
 A - a +3 ring of strength (right hand)
 D - an amulet of faith (around neck)
 H - an uncursed ring of stealth {unknown}
Wands
 j - a wand of clouds (2)
 t - a wand of digging (2)
 u - a wand of acid (12)
 w - a wand of flame (15)
 x - a wand of polymorph (6)
Scrolls
 b - a scroll of fog
 g - a scroll of amnesia
 i - 8 scrolls of identify
 q - 4 scrolls of remove curse
 y - 5 scrolls of magic mapping
 C - 3 scrolls of teleportation
 E - 2 scrolls of random uselessness
 F - a scroll of enchant armour
 G - 2 scrolls of blinking
Potions
 f - 2 potions of haste
 o - 2 potions of heal wounds
 r - 2 potions of lignification
 v - a potion of brilliance
Comestibles
 c - 8 rations
 I - a chunk of flesh


   Skills:
 - Level 4.0 Fighting
 - Level 4.5 Armour
 - Level 6.0 Dodging
 - Level 2.0 Stealth
 - Level 6.0 Spellcasting
 + Level 11.0 Conjurations
 - Level 6.1 Evocations


You had 7 spell levels left.
You knew the following spells:

 Your Spells              Type           Power        Failure   Level  Hunger
a - Magic Dart            Conj           ####         1%          1    None
b - Searing Ray           Conj           ######       1%          2    None
c - Iskenderun's Mystic   Conj           ######..     1%          4    ###....
d - Dazzling Spray        Conj/Hex       ####..       3%          3    #......
e - Force Lance           Conj/Tloc      ####....     12%         4    ###....

Your spell library contained the following spells:

 Spells                   Type           Power        Failure   Level  Hunger
 Fulminant Prism          Conj/Hex       ####......   12%         4    ###....


Dungeon Overview and Level Annotations

Branches:
Dungeon (9/15)             Temple (1/1) D:5
   Lair: D:8-11         Orc: D:9-12

Altars:
Ashenzari
Cheibriados
Dithmenos
Elyvilon
Fedhas
Gozag
Hepliaklqana
Kikubaaqudgha
Makhleb
Nemelex Xobeh
Okawaru
Qazlal
Ru
Sif Muna
Trog
Uskayaw
Vehumet
Wu Jian
Xom
Yredelemnul
Zin
The Shining One

Shops:
D:9 ?


Innate Abilities, Weirdness & Mutations

You have a beak for a mouth.
You have claws for feet.
You can fly continuously.
You have a pair of small antennae on your head.
Your mind is acute. (Int +2)
Your magical capacity is low. (-10% MP)


Message History

Aiming: Searing Ray (safe; 1% risk of failure)
Press: ? - help, Shift-Dir - straight line, f/p - guardian serpent
Aim: a guardian serpent (severely wounded)
The searing ray hits the guardian serpent.
The guardian serpent is severely wounded. (Press . to maintain the ray.)
The guardian serpent misses you.
You riposte.
You hit the guardian serpent. Your kick misses the guardian serpent.
The guardian serpent is severely wounded.
The guardian serpent barely misses you.
The searing ray hits the guardian serpent.
The guardian serpent is severely wounded.
The guardian serpent coils itself and waves its upper body at you.
The bolt of poison hits you!!
You are poisoned.
Ouch! That really hurt!
The guardian serpent hits you!!
* * * LOW HITPOINT WARNING * * *
The guardian serpent hits you.
You die...

....................
..........................
......##..................
......##รท................#
..##..##.................#
########..................
##.................
##................
##.....@S..!.....
#...........>...
##.............#
######+##.##### .# .+ #


You could see a guardian serpent.

Vanquished Creatures
  Joseph (D:8)
  Sigmund (D:3)
  Eustachio (D:6)
  Menkaure (D:7)
  Duvessa (D:6)
  A sky beast (D:7)
  An ice beast (D:6)
  2 phantoms
  4 ogres
  2 centaurs (D:8)
  3 bullfrogs
  Dowan (D:6)
  2 wyvern skeletons (D:6)
  3 scorpions
  4 wights (D:8)
  6 crimson imps
  A bullfrog zombie (D:6)
  3 hounds
  4 orc priests
  Ijyb (D:4)
  2 jellies
  5 orc wizards
  A bullfrog skeleton (D:6)
  An iguana (D:8)
  4 worker ants
  8 gnolls
  10 adders
  A river rat (D:4)
  2 shadow imps
  An ooze (D:4)
  An adder zombie (D:7)
  2 adder skeletons
  7 worms
  2 dart slugs
  3 leopard geckos
  26 orcs
  4 ball pythons
  9 bats
  11 giant cockroaches
  9 goblins
  8 hobgoblins
  14 jackals
  4 quokkas
  7 frilled lizards
  8 kobolds
  A leopard gecko skeleton (D:6)
  11 rats
205 creatures vanquished.

Notes
Turn   | Place    | Note
-------+----------+-------------------------------------------
     0 | D:1      | dragonscale333 the Tengu Conjurer began the quest for the
                  | Orb.
     0 | D:1      | Reached XP level 1. HP: 10/10 MP: 4/4
   198 | D:1      | Reached XP level 2. HP: 15/15 MP: 3/6
   254 | D:1      | Reached skill level 6 in Conjurations
   453 | D:1      | Reached XP level 3. HP: 19/19 MP: 4/7
   911 | D:2      | Learned a level 2 spell: Searing Ray
  1069 | D:2      | Reached XP level 4. HP: 24/24 MP: 0/10
  1350 | D:2      | Found an opulent altar of Gozag.
  1695 | D:2      | You fall through a shaft for 2 floors!
  1709 | D:4      | Gained mutation: You can fly continuously. [Tengu growth]
  1709 | D:4      | Reached XP level 5. HP: 16/28 MP: 7/12
  1752 | D:4      | Reached skill level 7 in Conjurations
  1758 | D:4      | Gained mutation: You have a pair of small antennae on your
                  | head. [potion of mutation]
  1758 | D:4      | Gained mutation: Your magical capacity is low. (-10% MP)
                  | [potion of mutation]
  1758 | D:4      | Gained mutation: Your mind is acute. (Int +2) [potion of
                  | mutation]
  2117 | D:4      | Found an opulent altar of Gozag.
  2117 | D:4      | Noticed a phantom
  2188 | D:3      | Reached XP level 6. HP: 32/32 MP: 6/11
  2278 | D:3      | Learned a level 4 spell: Iskenderun's Mystic Blast
  2432 | D:3      | Reached skill level 8 in Conjurations
  2519 | D:3      | Noticed Sigmund
  2557 | D:3      | Killed Sigmund
  3955 | D:4      | Killed a phantom
  3955 | D:4      | Reached XP level 7. HP: 36/36 MP: 3/12
  4134 | D:4      | Noticed Ijyb
  4165 | D:4      | Killed Ijyb
  4293 | D:4      | Reached skill level 9 in Conjurations
  4797 | D:5      | Entered Level 5 of the Dungeon
  4802 | D:5      | Learned a level 3 spell: Dazzling Spray
  5084 | D:5      | Reached skill level 10 in Conjurations
  5084 | D:5      | Reached XP level 8. HP: 40/41 MP: 9/13
  5118 | D:5      | Reached skill level 1 in Evocations
  5270 | D:5      | Found a staircase to the Ecumenical Temple.
  5282 | Temple   | Entered the Ecumenical Temple
  5381 | Temple   | Became a worshipper of Sif Muna the Loreminder
  5568 | D:5      | Found an iron altar of Okawaru.
  5577 | D:5      | Found a bloodstained altar of Trog.
  5706 | D:5      | Learned a level 4 spell: Force Lance
  6018 | D:6      | Noticed Duvessa
  6018 | D:6      | Noticed Dowan
  6215 | D:6      | Found a radiant altar of Vehumet.
  6217 | D:6      | Found a burning altar of Makhleb.
  6348 | D:6      | Noticed Eustachio
  6362 | D:6      | Killed Eustachio
  6503 | D:6      | Reached skill level 5 in Evocations
  6977 | D:6      | Found a shadowy altar of Dithmenos.
  7178 | D:6      | Reached XP level 9. HP: 42/45 MP: 5/15
  7206 | D:6      | Reached skill level 5 in Spellcasting
  7468 | D:6      | Killed Duvessa
  7718 | D:6      | Killed Dowan
  7785 | D:6      | Identified the +1 leather armour of Reason {rCorr Dex+4}
  8056 | D:7      | Found a hide-covered altar of Uskayaw.
  8381 | D:7      | Noticed Menkaure
  8388 | D:7      | Killed Menkaure
  8621 | D:7      | Reached skill level 5 in Dodging
  8986 | D:8      | Reached skill level 1 in Fighting
  9161 | D:8      | Found a stormy altar of Qazlal.
  9175 | D:8      | Noticed Joseph
  9194 | D:8      | Killed Joseph
  9194 | D:8      | Reached * piety under Sif Muna
  9376 | D:8      | Found a hazy altar of Hepliaklqana.
  9739 | D:8      | Reached XP level 10. HP: 56/56 MP: 18/18
 10332 | D:9      | Found Oginacox's Magic Scroll Emporium.
 10342 | D:9      | Bought a scroll of enchant armour for 105 gold pieces
 10342 | D:9      | Bought a scroll of blinking for 105 gold pieces
 10342 | D:9      | Bought a scroll of identify for 28 gold pieces
 10342 | D:9      | Bought a scroll of identify for 28 gold pieces
 10342 | D:9      | Bought a scroll of identify for 28 gold pieces
 10342 | D:9      | Bought a scroll of identify for 28 gold pieces
 10342 | D:9      | Bought a scroll of teleportation for 42 gold pieces
 10342 | D:9      | Bought a scroll of teleportation for 42 gold pieces
 10475 | D:9      | Reached skill level 11 in Conjurations
 10502 | D:9      | Noticed a guardian serpent
 10507 | D:9      | HP: 2/56 [guardian serpent (24)]
 10507 | D:9      | Slain by a guardian serpent

Skill      XL: |  1  2  3  4  5  6  7  8  9 10 |
---------------+-------------------------------+-----
Conjurations   | 6 7 8 10 11 | 11.0
Spellcasting   | 3 4 6 |  6.0
Armour         | 4 |  4.5
Evocations     | 5 6 |  6.1
Dodging        | 4 6 |  6.0
Fighting       | 4 |  4.0
Stealth        | |  2.0

Action                   |  1- 3 |  4- 6 |  7- 9 | 10-12 || total
-------------------------+-------+-------+-------+-------++-------
Melee: Dagger            |       |    12 |    62 |       ||    74
       Kick              |       |     1 |    16 |       ||    17
       Peck              |       |     1 |     6 |       ||     7
       Long sword        |       |       |       |     3 ||     3
 Cast: Magic Dart        |    64 |    80 |   175 |    17 ||   336
       Searing Ray       |       |    11 |    37 |     4 ||    52
       Iskenderun's Myst |       |       |    10 |     1 ||    11
       Dazzling Spray    |       |       |     3 |       ||     3
Evoke: Wand              |       |       |     3 |       ||     3
  Use: Scroll            |     5 |     2 |     9 |     4 ||    20
       Potion            |       |     4 |       |       ||     4
 Stab: Sleeping          |       |     4 |     3 |       ||     7
  Eat: Chunk             |     1 |     7 |    15 |     2 ||    25
       Ration            |       |       |     2 |       ||     2
Armor: Robe              |     1 |     2 |       |       ||     3
       Leather armour    |       |     1 |    23 |     1 ||    25
Dodge: Dodged            |     3 |    15 |    86 |     7 ||   111
       Rpst.: Long sword |       |       |       |     1 ||     1
